Workbook

Sheet COSTOS APLICADOS
B3: CONSTRUCCIÓN DEL GALPÓN
B4: CANT. | C4: UNIDAD MEDIDA | D4: DESCRIPCION | E4: VR. UNITARIO | F4: VALOR TOTAL
B6: 116.45 | C6: Metros | D6: Piso de galpón | E6: 20000 | F6: =B6*E6 -> 2329000
B7: 1 | C7: Metros | D7: Mampostería | E7: 1119100 | F7: =B7*E7 -> 1119100
B8: 8 | C8: Unidad | D8: Columnas | E8: 100000 | F8: =B8*E8 -> 800000
B9: 19 | C9: Unidad | D9: Perfiles metálicos | E9: 34800 | F9: =B9*E9 -> 661200
B10: 19 | C10: Metros | D10: Caballetes | E10: 10000 | F10: =B10*E10 -> 190000
B11: 73 | C11: Unidad | D11: Tejas | E11: 14000 | F11: =B11*E11 -> 1022000
B12: 438 | C12: Unidad | D12: Amarres | E12: 70 | F12: =B12*E12 -> 30660
B13: 1 | C13: Unidad | D13: Mano de obra – galpón | E13: 750000 | F13: =B13*E13 -> 750000
B14: 1 | C14: Unidad | D14: Pintura estructura y mampostería | E14: 220000 | F14: =B14*E14 -> 220000
B15: 50 | C15: Metros | D15: Malla gallinero | E15: 1990 | F15: =B15*E15 -> 99500
B16: 1 | C16: Unidad | D16: Tanque elevado de 1.000 lts | E16: 229000 | F16: =B16*E16 -> 229000
B17: 1 | C17: Unidad | D17: Mano de obra, materiales e instalación de tanque | E17: 150000 | F17: =B17*E17 -> 150000
B18: 1 | C18: Unidad | D18: Poceta para entrada a galpón | E18: 80000 | F18: =B18*E18 -> 80000
E19: TOTAL | F19: =SUM(F6:F18) -> 7680460
B22: Elementos directos para la producción
C24: CANTIDAD | D24: DETALLE | E24: VR. UNITARIO | F24: VR. TOTAL
C25: 10 | D25: Comedero manual | E25: 11000 | F25: =C25*E25 -> 110000
C26: 10 | D26: Bebederos automáticos | E26: 19500 | F26: =C26*E26 -> 195000
C27: 1 | D27: Criadora de gas | E27: 150000 | F27: =C27*E27 -> 150000
C28: 1 | D28: Guarda criadora (5.7 metros) | E28: 100000 | F28: =C28*E28 -> 100000
C29: 1 | D29: Pipeta de gas llena | E29: 35000 | F29: =C29*E29 -> 35000
C30: 1 | D30: Termómetro | E30: 25000 | F30: =C30*E30 -> 25000
C31: 1 | D31: Bascula | E31: 60000 | F31: =C31*E31 -> 60000
C32: 1 | D32: Fumigadora | E32: 300000 | F32: =C32*E32 -> 300000
E33: TOTAL | F33: =SUM(F25:F32) -> 975000
B35: MATERIA PRIMA
C37: CANTIDAD | D37: DETALLE | E37: VR. UNITARIO | F37: VR. TOTAL
C38: 1000 | D38: Ross x Cobb raza pollo | E38: 1000 | F38: =C38*E38 -> 1000000
C39: 40 | D39: Concentrado levante | E39: 51000 | F39: =C39*E39 -> 2040000
C40: 60 | D40: Concentrado engorde | E40: 50000 | F40: =C40*E40 -> 3000000
C41: 2 | D41: Gumboro frasco 1.000 dosis | E41: 17000 | F41: 34000
C42: 2 | D42: New Castel por 500 dosis | E42: 6500 | F42: 13000
E43: TOTAL | F43: =SUM(F38:F42) -> 6087000
B45: MANO DE OBRA MENSUAL
C47: CANT | D47: DETALLE | E47: MES | F47: TOTAL
C48: 2 | D48: Sueldo empleado | E48: 616000 | F48: =C48*E48 -> 1232000
C49: 2 | D49: Auxilio de transporte | E49: 72000 | F49: =C49*E49 -> 144000
C50: 2 | D50: Seguridad social | E50: =E48*(0.085+0.12+0.01044) -> 132711.04 | F50: =C50*E50 -> 265422.08
C51: 2 | D51: Parafiscales | E51: =E48*0.09 -> 55440 | F51: =C51*E51 -> 110880
C52: 2 | D52: Prestaciones sociales | E52: =(E48+E49)*2.01/12 -> 115240 | F52: =C52*E52 -> 230480
C53: 2 | D53: Vacaciones | E53: =E48/24 -> 25666.667 | F53: =C53*E53 -> 51333.333
D54: TOTAL | E54: =SUM(E48:E53) -> 1017057.7 | F54: =SUM(F48:F53) -> 2034115.4
B57: Materiales indirectos y Mano de obra indirecta
B58: CANTIDAD | C58: UNIDAD MEDIDA | D58: INSUMOS DESINFECCIÓN | E58: VR. UNITARIO | F58: VR. TOTAL
B59: 5300 | C59: Cm | D59: Yodo | E59: 16 | F59: =B59*E59 -> 84800
B60: 0.5 | C60: Bulto | D60: Cal | E60: 12500 | F60: =B60*E60 -> 6250
B61: 250 | C61: Cm | D61: Formol | E61: 6 | F61: =B61*E61 -> 1500
B62: 40 | C62: Cc | D62: Lorsban (Insecticida) | E62: 43 | F62: =B62*E62 -> 1720
B63: 1 | C63: Unidad | D63: Implementos de aseo | E63: 12000 | F63: =B63*E63 -> 12000
B64: 1 | C64: Viaje | D64: Cascarilla de arroz | E64: 80000 | F64: =B64*E64 -> 80000
B65: 50 | C65: Unidad | D65: Cortina en lona | E65: 1900 | F65: =B65*E65 -> 95000
B66: 1 | C66: Visita | D66: Visita veterinario | E66: 200000 | F66: =B66*E66 -> 200000
E67: TOTAL | F67: =SUM(F59:F66) -> 481270
B69: Servicios (2 meses)
C70: CANTIDAD | D70: DETALLE | E70: VR. UNITARIO | F70: VR. TOTAL
C71: 2 | D71: Energía eléctrica | E71: 30000 | F71: =C71*E71 -> 60000
C72: 2 | D72: Acueducto y alcantarillado | E72: 25500 | F72: =C72*E72 -> 51000
E73: TOTAL | F73: =SUM(F71:F72) -> 111000
B75: Depreciaciones (línea recta, 2 meses)
C76: VIDA ÚTIL | D76: ACTIVO DEPRECIABLE | E76: VALOR ACTIVO | F76: VR. TOTAL
C77: 20 años | D77: Galpón | E77: =F19 -> 7680460 | F77: =E77/240*2 -> 64003.833
C78: 5 años | D78: Elementos | E78: =F33 -> 975000 | F78: =E78/60*2 -> 32500
E79: TOTAL | F79: =SUM(F67:F78) -> 799773.83
B81: RESUMEN DE COSTOS
D82: Por las siete semanas
D83: DESCRIPCIÓN | E83: VALOR
D84: Materia prima | E84: =F43 -> 6087000
D85: Mano de obra | E85: =F54 -> 2034115.4
D86: Costos indirectos de fabricación | E86: =F67+F79+F73 -> 1392043.8
D87: TOTAL | E87: =SUM(E82:E86) -> 9513159.2

Sheet PUNTO EQUILIBRIO
B2: PUNTO DE EQUILIBRIO
B4: Costos Variables
C6: CANTIDAD | D6: UNIDAD MEDIDA | E6: DETALLE | F6: VR. UNITARIO | G6: VR. TOTAL
C7: ='COSTOS APLICADOS'!B59 -> 5300 | D7: ='COSTOS APLICADOS'!C59 -> Cm | E7: ='COSTOS APLICADOS'!D59 -> Yodo | F7: ='COSTOS APLICADOS'!E59 -> 16 | G7: =C7*F7 -> 84800
C8: ='COSTOS APLICADOS'!B60 -> 0.5 | D8: ='COSTOS APLICADOS'!C60 -> Bulto | E8: ='COSTOS APLICADOS'!D60 -> Cal | F8: ='COSTOS APLICADOS'!E60 -> 12500 | G8: =C8*F8 -> 6250
C9: ='COSTOS APLICADOS'!B61 -> 250 | D9: ='COSTOS APLICADOS'!C61 -> Cm | E9: ='COSTOS APLICADOS'!D61 -> Formol | F9: ='COSTOS APLICADOS'!E61 -> 6 | G9: =C9*F9 -> 1500
C10: ='COSTOS APLICADOS'!B62 -> 40 | D10: ='COSTOS APLICADOS'!C62 -> Cc | E10: ='COSTOS APLICADOS'!D62 -> Lorsban (Insecticida) | F10: ='COSTOS APLICADOS'!E62 -> 43 | G10: =C10*F10 -> 1720
C11: ='COSTOS APLICADOS'!C38 -> 1000 | D11: Unidades | E11: ='COSTOS APLICADOS'!D38 -> Ross x Cobb raza pollo | F11: ='COSTOS APLICADOS'!E38 -> 1000 | G11: =C11*F11 -> 1000000
C12: ='COSTOS APLICADOS'!C39 -> 40 | D12: Bultos | E12: ='COSTOS APLICADOS'!D39 -> Concentrado levante | F12: ='COSTOS APLICADOS'!E39 -> 51000 | G12: =C12*F12 -> 2040000
C13: ='COSTOS APLICADOS'!C40 -> 60 | D13: Bultos | E13: ='COSTOS APLICADOS'!D40 -> Concentrado engorde | F13: ='COSTOS APLICADOS'!E40 -> 50000 | G13: =C13*F13 -> 3000000
C14: ='COSTOS APLICADOS'!C41 -> 2 | D14: Dosis | E14: ='COSTOS APLICADOS'!D41 -> Gumboro frasco 1.000 dosis | F14: ='COSTOS APLICADOS'!E41 -> 17000 | G14: =C14*F14 -> 34000
C15: ='COSTOS APLICADOS'!C42 -> 2 | D15: Dosis | E15: ='COSTOS APLICADOS'!D42 -> New Castel por 500 dosis | F15: ='COSTOS APLICADOS'!E42 -> 6500 | G15: =C15*F15 -> 13000
C16: ='COSTOS APLICADOS'!B63 -> 1 | D16: ='COSTOS APLICADOS'!C63 -> Unidad | E16: ='COSTOS APLICADOS'!D63 -> Implementos de aseo | F16: ='COSTOS APLICADOS'!E63 -> 12000 | G16: =C16*F16 -> 12000
C17: ='COSTOS APLICADOS'!B64 -> 1 | D17: ='COSTOS APLICADOS'!C64 -> Viaje | E17: ='COSTOS APLICADOS'!D64 -> Cascarilla de arroz | F17: ='COSTOS APLICADOS'!E64 -> 80000 | G17: =C17*F17 -> 80000
C18: ='COSTOS APLICADOS'!B65 -> 50 | D18: ='COSTOS APLICADOS'!C65 -> Unidad | E18: ='COSTOS APLICADOS'!D65 -> Cortina en lona | F18: ='COSTOS APLICADOS'!E65 -> 1900 | G18: =C18*F18 -> 95000
C19: 2 | D19: Factura | E19: Energía eléctrica | F19: 30000 | G19: =C19*F19 -> 60000
C20: 2 | D20: Factura | E20: Acueducto y alcantarillado | F20: 25500 | G20: =C20*F20 -> 51000
C21: TOTAL COSTOS VARIABLES | G21: =SUM(G7:G20) -> 6479270
C23: Costos fijos
D25: CANTIDAD | E25: DESCRIPCION | F25: VR. UNITARIO | G25: VR. TOTAL
D26: 1 | E26: Depreciación total | F26: ='COSTOS APLICADOS'!F79 -> 799773.83 | G26: =D26*F26 -> 799773.83
D27: ='COSTOS APLICADOS'!B66 -> 1 | E27: Asistencia veterinario | F27: ='COSTOS APLICADOS'!E66 -> 200000 | G27: =D27*F27 -> 200000
D28: 2 | E28: Mano de obra | F28: ='COSTOS APLICADOS'!E54 -> 1017057.7 | G28: =D28*F28 -> 2034115.4
D29: TOTAL COSTOS FIJOS | G29: =SUM(G26:G28) -> 3033889.2
B31: Costos totales = costos fijos + costos variables
E32: RESUMEN COSTOS | F32: TOTAL
E33: Costos fijos | F33: =G29 -> 3033889.2
E34: Costos variables | F34: =G21 -> 6479270
E35: TOTAL | F35: =SUM(F33:F34) -> 9513159.2
B38: Contribución Marginal = precio de venta unitario - costo variable unitario
E40: Margen de contribución | F40: TOTAL
E41: Precio de venta unitario | F41: 11500
E42: Costo variable unitario | F42: =G21/1000 -> 6479.27
E43: TOTAL | F43: =F41-F42 -> 5020.73
B45: Punto de equilibrio en cantidades = Costos fijos / Margen de contribuición unitario
E47: Punto de equilibrio | F47: TOTAL
E48: Costos fijos | F48: =G29 -> 3033889.2
E49: Margen de contribucion | F49: =F43 -> 5020.73
E50: TOTAL | F50: =F48/F49 -> 604.27254 | G50: unidades
B52: Punto de equilibrio en pesos = Cantidades de equilibrio * precio de venta unitario
E54: Punto de equilibrio | F54: TOTAL
E55: Cantidades de equilibrio | F55: =F50 -> 604.27254
E56: Precio de venta unitario | F56: =F41 -> 11500
E57: TOTAL | F57: =F55*F56 -> 6949134.2
B59: Comprobanción punto de equilibrio
E61: Ventas | F61: =F57 -> 6949134.2
E62: Costos variables | F62: =F55*F42 -> 3915244.9
E63: Margen de contribución | F63: =F61-F62 -> 3033889.2
E64: Costos fijos | F64: =F48 -> 3033889.2
E65: Utilidad | F65: =F63-F64 -> 0

Sheet PROYECC 1 PROD
A2: CONCEPTO | D2: Mes 0 | E2: Mes 1 | F2: Mes 2 | G2: Mes 3 | H2: Mes 4 | I2: Mes 5 | J2: Mes 6 | K2: Mes 7 | L2: Mes 8 | M2: Mes 9 | N2: Mes 10 | O2: Mes 11 | P2: Mes 12 | Q2: TOTAL
A3: INGRESOS | E3: =SUM(E4:E7) -> 0 | F3: =SUM(F4:F7) -> 11500000 | G3: =SUM(G4:G7) -> 0 | H3: =SUM(H4:H7) -> 11500000 | I3: =SUM(I4:I7) -> 0 | J3: =SUM(J4:J7) -> 11500000 | K3: =SUM(K4:K7) -> 0 | L3: =SUM(L4:L7) -> 11500000 | ... P3: =SUM(P4:P7) -> 11500000 | Q3: =SUM(E3:P3) -> 69000000
C4: Semana 1 | Q4: =SUM(E4:P4) -> 0
C5: Semana 2 | Q5: =SUM(E5:P5) -> 0
C6: Semana 3 | F6: ='PUNTO EQUILIBRIO'!F41*1000 -> 11500000 | H6: =F6 -> 11500000 | J6: =H6 -> 11500000 | L6: =J6 -> 11500000 | N6: =L6 -> 11500000 | P6: =N6 -> 11500000 | Q6: =SUM(E6:P6) -> 69000000
C7: Semana 4 | Q7: =SUM(E7:P7) -> 0
A8: COSTOS | E8: =E9+E14+E19 -> 8496101.5 | F8: =F9+F14+F19 -> 1017057.7 | G8: =G9+G14+G19 -> 8496101.5 | H8: =H9+H14+H19 -> 1017057.7 | I8: =I9+I14+I19 -> 8496101.5 | J8: =J9+J14+J19 -> 1017057.7 | K8: =K9+K14+K19 -> 8496101.5 | L8: =L9+L14+L19 -> 1017057.7 | ... P8: =P9+P14+P19 -> 1017057.7 | Q8: =SUM(E8:P8) -> 57078955 | R8: =Q8/Q3 -> 0.82723124
B9: Materias primas | E9: =SUM(E10:E13) -> 6087000 | F9: =SUM(F10:F13) -> 0 | G9: =SUM(G10:G13) -> 6087000 | H9: =SUM(H10:H13) -> 0 | I9: =SUM(I10:I13) -> 6087000 | J9: =SUM(J10:J13) -> 0 | K9: =SUM(K10:K13) -> 6087000 | L9: =SUM(L10:L13) -> 0 | ... P9: =SUM(P10:P13) -> 0 | Q9: =SUM(E9:P9) -> 36522000
C10: Semana 1 | E10: ='COSTOS APLICADOS'!F43 -> 6087000 | G10: =E10 -> 6087000 | I10: =G10 -> 6087000 | K10: =I10 -> 6087000 | M10: =K10 -> 6087000 | O10: =M10 -> 6087000 | Q10: =SUM(E10:P10) -> 36522000
C11: Semana 2 | Q11: =SUM(E11:P11) -> 0
C12: Semana 3 | Q12: =SUM(E12:P12) -> 0
C13: Semana 4 | Q13: =SUM(E13:P13) -> 0
B14: Mano de obra directa | E14: =SUM(E15:E18) -> 1017057.7 | F14: =SUM(F15:F18) -> 1017057.7 | G14: =SUM(G15:G18) -> 1017057.7 | H14: =SUM(H15:H18) -> 1017057.7 | I14: =SUM(I15:I18) -> 1017057.7 | J14: =SUM(J15:J18) -> 1017057.7 | K14: =SUM(K15:K18) -> 1017057.7 | L14: =SUM(L15:L18) -> 1017057.7 | ... P14: =SUM(P15:P18) -> 1017057.7 | Q14: =SUM(E14:P14) -> 12204692
C15: Semana 1 | Q15: =SUM(E15:P15) -> 0
C16: Semana 2 | Q16: =SUM(E16:P16) -> 0
C17: Semana 3 | Q17: =SUM(E17:P17) -> 0
C18: Semana 4 | E18: ='COSTOS APLICADOS'!E54 -> 1017057.7 | F18: =E18 -> 1017057.7 | G18: =F18 -> 1017057.7 | H18: =G18 -> 1017057.7 | I18: =H18 -> 1017057.7 | J18: =I18 -> 1017057.7 | K18: =J18 -> 1017057.7 | L18: =K18 -> 1017057.7 | M18: =L18 -> 1017057.7 | ... P18: =O18 -> 1017057.7 | Q18: =SUM(E18:P18) -> 12204692
B19: CIF | E19: =SUM(E20:E23) -> 1392043.8 | F19: =SUM(F20:F23) -> 0 | G19: =SUM(G20:G23) -> 1392043.8 | H19: =SUM(H20:H23) -> 0 | I19: =SUM(I20:I23) -> 1392043.8 | J19: =SUM(J20:J23) -> 0 | K19: =SUM(K20:K23) -> 1392043.8 | L19: =SUM(L20:L23) -> 0 | ... P19: =SUM(P20:P23) -> 0 | Q19: =SUM(E19:P19) -> 8352263
C20: Semana 1 | E20: ='COSTOS APLICADOS'!E86 -> 1392043.8 | G20: =E20 -> 1392043.8 | I20: =G20 -> 1392043.8 | K20: =I20 -> 1392043.8 | M20: =K20 -> 1392043.8 | O20: =M20 -> 1392043.8 | Q20: =SUM(E20:P20) -> 8352263
C21: Semana 2 | Q21: =SUM(E21:P21) -> 0
C22: Semana 3 | Q22: =SUM(E22:P22) -> 0
C23: Semana 4 | Q23: =SUM(E23:P23) -> 0
A24: MARGEN BRUTO | E24: =E3-E8 -> -8496101.5 | F24: =F3-F8 -> 10482942 | G24: =G3-G8 -> -8496101.5 | H24: =H3-H8 -> 10482942 | I24: =I3-I8 -> -8496101.5 | J24: =J3-J8 -> 10482942 | K24: =K3-K8 -> -8496101.5 | L24: =L3-L8 -> 10482942 | ... P24: =P3-P8 -> 10482942 | Q24: =SUM(E24:P24) -> 11921045 | R24: =Q24/Q3 -> 0.17276876
A25: Gastos operativos | E25: 300000 | F25: 300000 | G25: 300000 | H25: 300000 | I25: 300000 | J25: 300000 | K25: 300000 | L25: 300000 | M25: 300000 | N25: 300000 | O25: 300000 | P25: 300000 | Q25: =SUM(E25:P25) -> 3600000
A26: MARGEN OPERATIVO | E26: =E24-E25 -> -8796101.5 | F26: =F24-F25 -> 10182942 | G26: =G24-G25 -> -8796101.5 | H26: =H24-H25 -> 10182942 | I26: =I24-I25 -> -8796101.5 | J26: =J24-J25 -> 10182942 | K26: =K24-K25 -> -8796101.5 | L26: =L24-L25 -> 10182942 | ... P26: =P24-P25 -> 10182942 | Q26: =SUM(E26:P26) -> 8321044.5
A27: Intereses | Q27: =SUM(E27:P27) -> 0
A28: MARGEN ANTES DE IMPTOS | E28: =E26-E27 -> -8796101.5 | F28: =F26-F27 -> 10182942 | G28: =G26-G27 -> -8796101.5 | H28: =H26-H27 -> 10182942 | I28: =I26-I27 -> -8796101.5 | J28: =J26-J27 -> 10182942 | K28: =K26-K27 -> -8796101.5 | L28: =L26-L27 -> 10182942 | ... P28: =P26-P27 -> 10182942 | Q28: =SUM(E28:P28) -> 8321044.5
A29: Impuestos | Q29: =SUM(E29:P29) -> 0
A30: MARGEN NETO | E30: =E28-E29 -> -8796101.5 | F30: =F28-F29 -> 10182942 | G30: =G28-G29 -> -8796101.5 | H30: =H28-H29 -> 10182942 | I30: =I28-I29 -> -8796101.5 | J30: =J28-J29 -> 10182942 | K30: =K28-K29 -> -8796101.5 | L30: =L28-L29 -> 10182942 | ... P30: =P28-P29 -> 10182942 | Q30: =SUM(E30:P30) -> 8321044.5
A31: INVERSION INICIAL | D31: =-D32-D33 -> -8655460 | E31: =-E32-E33 -> 0 | F31: =-F32-F33 -> 0 | G31: =-G32-G33 -> 0 | H31: =-H32-H33 -> 0 | I31: =-I32-I33 -> 0 | J31: =-J32-J33 -> 0 | K31: =-K32-K33 -> 0 | ... P31: =-P32-P33 -> 0 | Q31: =SUM(D31:P31) -> -8655460
B32: Galpon | D32: ='COSTOS APLICADOS'!F19 -> 7680460 | Q32: =SUM(D32:P32) -> 7680460
B33: Elementos | D33: ='COSTOS APLICADOS'!F33 -> 975000 | Q33: =SUM(D33:P33) -> 975000
A34: AMORTIZACIONES | Q34: =SUM(D34:P34) -> 0
A35: INTERESES | E35: =E27 -> 0 | F35: =F27 -> 0 | G35: =G27 -> 0 | H35: =H27 -> 0 | I35: =I27 -> 0 | J35: =J27 -> 0 | K35: =K27 -> 0 | L35: =L27 -> 0 | ... P35: =P27 -> 0 | Q35: =SUM(D35:P35) -> 0
A36: DEPRECIACIONES | E36: ='COSTOS APLICADOS'!F79/2 -> 399886.92 | F36: =E36 -> 399886.92 | G36: =F36 -> 399886.92 | H36: =G36 -> 399886.92 | I36: =H36 -> 399886.92 | J36: =I36 -> 399886.92 | K36: =J36 -> 399886.92 | L36: =K36 -> 399886.92 | M36: =L36 -> 399886.92 | ... P36: =O36 -> 399886.92 | Q36: =SUM(D36:P36) -> 4798643
A37: FNC para inversionista | D37: =D31 -> -8655460 | E37: =E30-E31-E34+E35+E36 -> -8396214.6 | F37: =F30-F31-F34+F35+F36 -> 10582829 | G37: =G30-G31-G34+G35+G36 -> -8396214.6 | H37: =H30-H31-H34+H35+H36 -> 10582829 | I37: =I30-I31-I34+I35+I36 -> -8396214.6 | J37: =J30-J31-J34+J35+J36 -> 10582829 | K37: =K30-K31-K34+K35+K36 -> -8396214.6 | L37: =L30-L31-L34+L35+L36 -> 10582829 | ... P37: =P30-P31-P34+P35+P36 -> 10582829 | Q37: =SUM(D37:P37) -> 4464227.5 | R37: =Q37/Q3 -> 0.06469895
D39: TIO | E39: 0.15 | G39: TIO MENSUAL | I39: =POWER(1+E39,(1/12))-1 -> 0.011714917
D41: V.P.N. | E41: =D37+NPV(I39,E37:P37) -> 2902229.3 | G41: TIR | H41: =IRR(D37:P37) -> 0.038483312
D43: Relación Beneficio Costo | G43: =Q48/Q51 -> 1.2218774
A47: CONCEPTO | D47: Mes 0 | E47: Mes 1 | F47: Mes 2 | G47: Mes 3 | H47: Mes 4 | I47: Mes 5 | J47: Mes 6 | K47: Mes 7 | L47: Mes 8 | M47: Mes 9 | N47: Mes 10 | O47: Mes 11 | P47: Mes 12 | Q47: VPN
A48: V.P.N. INGRESOS | D48: =D3 -> 0 | E48: =E3*POWER(1+$I$39,-1) -> 0 | F48: =F3*POWER(1+$I$39,-2) -> 11235219 | G48: =G3*POWER(1+$I$39,-3) -> 0 | H48: =H3*POWER(1+$I$39,-4) -> 10976534 | I48: =I3*POWER(1+$I$39,-5) -> 0 | J48: =J3*POWER(1+$I$39,-6) -> 10723805 | K48: =K3*POWER(1+$I$39,-7) -> 0 | L48: =L3*POWER(1+$I$39,-8) -> 10476896 | M48: =M3*POWER(1+$I$39,-9) -> 0 | N48: =N3*POWER(1+$I$39,-10) -> 10235671 | O48: =O3*POWER(1+$I$39,-11) -> 0 | P48: =P3*POWER(1+$I$39,-12) -> 10000000 | Q48: =SUM(D48:P48) -> 63648124
A49: V.P.N. COSTOS DE PRODUCCIÓN | D49: =D8 -> 0 | E49: =(E8-'COSTOS APLICADOS'!$F$79/2)*POWER(1+$I$39,-1) -> 8002466.4 | F49: =(F8-'COSTOS APLICADOS'!$F$79/2)*POWER(1+$I$39,-2) -> 602960.77 | G49: =(G8-'COSTOS APLICADOS'!$F$79/2)*POWER(1+$I$39,-3) -> 7818214 | H49: =(H8-'COSTOS APLICADOS'!$F$79/2)*POWER(1+$I$39,-4) -> 589077.93 | I49: =(I8-'COSTOS APLICADOS'!$F$79/2)*POWER(1+$I$39,-5) -> 7638203.9 | J49: =(J8-'COSTOS APLICADOS'!$F$79/2)*POWER(1+$I$39,-6) -> 575514.73 | K49: =(K8-'COSTOS APLICADOS'!$F$79/2)*POWER(1+$I$39,-7) -> 7462338.4 | L49: =(L8-'COSTOS APLICADOS'!$F$79/2)*POWER(1+$I$39,-8) -> 562263.82 | M49: =(M8-'COSTOS APLICADOS'!$F$79/2)*POWER(1+$I$39,-9) -> 7290522.1 | N49: =(N8-'COSTOS APLICADOS'!$F$79/2)*POWER(1+$I$39,-10) -> 549318 | O49: =(O8-'COSTOS APLICADOS'!$F$79/2)*POWER(1+$I$39,-11) -> 7122661.8 | P49: =(P8-'COSTOS APLICADOS'!$F$79/2)*POWER(1+$I$39,-12) -> 536670.25 | Q49: =SUM(D49:P49) -> 48750212
A50: V.P.N. GASTOS | D50: 0 | E50: =E25*POWER(1+$I$39,-1) -> 296526.22 | F50: =F25*POWER(1+$I$39,-2) -> 293092.66 | G50: =G25*POWER(1+$I$39,-3) -> 289698.87 | H50: =H25*POWER(1+$I$39,-4) -> 286344.37 | I50: =I25*POWER(1+$I$39,-5) -> 283028.71 | J50: =J25*POWER(1+$I$39,-6) -> 279751.44 | K50: =K25*POWER(1+$I$39,-7) -> 276512.13 | L50: =L25*POWER(1+$I$39,-8) -> 273310.32 | M50: =M25*POWER(1+$I$39,-9) -> 270145.59 | N50: =N25*POWER(1+$I$39,-10) -> 267017.5 | O50: =O25*POWER(1+$I$39,-11) -> 263925.63 | P50: =P25*POWER(1+$I$39,-12) -> 260869.57 | Q50: =SUM(D50:P50) -> 3340223
A51: V.P.N. COSTOS Y GASTOS | D51: =D49+D50 -> 0 | E51: =E49+E50 -> 8298992.6 | F51: =F49+F50 -> 896053.43 | G51: =G49+G50 -> 8107912.8 | H51: =H49+H50 -> 875422.29 | I51: =I49+I50 -> 7921232.6 | J51: =J49+J50 -> 855266.17 | K51: =K49+K50 -> 7738850.5 | ... P51: =P49+P50 -> 797539.82 | Q51: =SUM(D51:P51) -> 52090435
A52: V.P.N. INVERSIÓN INICIAL | D52: =D31 -> -8655460 | E52: =E31 -> 0 | F52: =F31 -> 0 | G52: =G31 -> 0 | H52: =H31 -> 0 | I52: =I31 -> 0 | J52: =J31 -> 0 | K52: =K31 -> 0 | ... P52: =P31 -> 0 | Q52: =SUM(D52:P52) -> -8655460
A53: VALOR PRESENTE NETO | D53: =D48-D51+D52 -> -8655460 | E53: =E48-E51 -> -8298992.6 | F53: =F48-F51 -> 10339165 | G53: =G48-G51 -> -8107912.8 | H53: =H48-H51 -> 10101112 | I53: =I48-I51 -> -7921232.6 | J53: =J48-J51 -> 9868539.1 | K53: =K48-K51 -> -7738850.5 | L53: =L48-L51 -> 9641321.4 | ... P53: =P48-P51 -> 9202460.2 | Q53: =Q48-Q51+Q52 -> 2902229.3
A55: V.P.N. ACUMULADO | D55: =D53 -> -8655460 | E55: =D55+E53 -> -16954453 | F55: =E55+F53 -> -6615287.3 | G55: =F55+G53 -> -14723200 | H55: =G55+H53 -> -4622088.4 | I55: =H55+I53 -> -12543321 | J55: =I55+J53 -> -2674781.9 | K55: =J55+K53 -> -10413632 | L55: =K55+L53 -> -772310.97 | ... P55: =O55+P53 -> 2902229.3

Sheet PROYECC 15 PROD
A2: CONCEPTO | D2: Mes 0 | E2: Mes 1 | F2: Mes 2 | G2: Mes 3 | H2: Mes 4 | I2: Mes 5 | J2: Mes 6 | K2: Mes 7 | L2: Mes 8 | M2: Mes 9 | N2: Mes 10 | O2: Mes 11 | P2: Mes 12 | Q2: TOTAL
A3: INGRESOS | E3: =SUM(E4:E7) -> 0 | F3: =SUM(F4:F7) -> 172500000 | G3: =SUM(G4:G7) -> 0 | H3: =SUM(H4:H7) -> 172500000 | I3: =SUM(I4:I7) -> 0 | J3: =SUM(J4:J7) -> 172500000 | K3: =SUM(K4:K7) -> 0 | L3: =SUM(L4:L7) -> 172500000 | ... P3: =SUM(P4:P7) -> 172500000 | Q3: =SUM(E3:P3) -> 1035000000
C4: Semana 1 | Q4: =SUM(E4:P4) -> 0
C5: Semana 2 | Q5: =SUM(E5:P5) -> 0
C6: Semana 3 | F6: ='PUNTO EQUILIBRIO'!F41*1000*15 -> 172500000 | H6: =F6 -> 172500000 | J6: =H6 -> 172500000 | L6: =J6 -> 172500000 | N6: =L6 -> 172500000 | P6: =N6 -> 172500000 | Q6: =SUM(E6:P6) -> 1035000000
C7: Semana 4 | Q7: =SUM(E7:P7) -> 0
A8: COSTOS | E8: =E9+E14+E19 -> 1.2744152e+08 | F8: =F9+F14+F19 -> 15255866 | G8: =G9+G14+G19 -> 1.2744152e+08 | H8: =H9+H14+H19 -> 15255866 | I8: =I9+I14+I19 -> 1.2744152e+08 | J8: =J9+J14+J19 -> 15255866 | K8: =K9+K14+K19 -> 1.2744152e+08 | L8: =L9+L14+L19 -> 15255866 | ... P8: =P9+P14+P19 -> 15255866 | Q8: =SUM(E8:P8) -> 8.5618433e+08 | R8: =Q8/Q3 -> 0.82723124
B9: Materias primas | E9: =SUM(E10:E13) -> 91305000 | F9: =SUM(F10:F13) -> 0 | G9: =SUM(G10:G13) -> 91305000 | H9: =SUM(H10:H13) -> 0 | I9: =SUM(I10:I13) -> 91305000 | J9: =SUM(J10:J13) -> 0 | K9: =SUM(K10:K13) -> 91305000 | L9: =SUM(L10:L13) -> 0 | ... P9: =SUM(P10:P13) -> 0 | Q9: =SUM(E9:P9) -> 547830000
C10: Semana 1 | E10: ='COSTOS APLICADOS'!F43*15 -> 91305000 | G10: =E10 -> 91305000 | I10: =G10 -> 91305000 | K10: =I10 -> 91305000 | M10: =K10 -> 91305000 | O10: =M10 -> 91305000 | Q10: =SUM(E10:P10) -> 547830000
C11: Semana 2 | Q11: =SUM(E11:P11) -> 0
C12: Semana 3 | Q12: =SUM(E12:P12) -> 0
C13: Semana 4 | Q13: =SUM(E13:P13) -> 0
B14: Mano de obra directa | E14: =SUM(E15:E18) -> 15255866 | F14: =SUM(F15:F18) -> 15255866 | G14: =SUM(G15:G18) -> 15255866 | H14: =SUM(H15:H18) -> 15255866 | I14: =SUM(I15:I18) -> 15255866 | J14: =SUM(J15:J18) -> 15255866 | K14: =SUM(K15:K18) -> 15255866 | L14: =SUM(L15:L18) -> 15255866 | ... P14: =SUM(P15:P18) -> 15255866 | Q14: =SUM(E14:P14) -> 1.8307039e+08
C15: Semana 1 | Q15: =SUM(E15:P15) -> 0
C16: Semana 2 | Q16: =SUM(E16:P16) -> 0
C17: Semana 3 | Q17: =SUM(E17:P17) -> 0
C18: Semana 4 | E18: ='COSTOS APLICADOS'!E54*15 -> 15255866 | F18: =E18 -> 15255866 | G18: =F18 -> 15255866 | H18: =G18 -> 15255866 | I18: =H18 -> 15255866 | J18: =I18 -> 15255866 | K18: =J18 -> 15255866 | L18: =K18 -> 15255866 | M18: =L18 -> 15255866 | ... P18: =O18 -> 15255866 | Q18: =SUM(E18:P18) -> 1.8307039e+08
B19: CIF | E19: =SUM(E20:E23) -> 20880658 | F19: =SUM(F20:F23) -> 0 | G19: =SUM(G20:G23) -> 20880658 | H19: =SUM(H20:H23) -> 0 | I19: =SUM(I20:I23) -> 20880658 | J19: =SUM(J20:J23) -> 0 | K19: =SUM(K20:K23) -> 20880658 | L19: =SUM(L20:L23) -> 0 | ... P19: =SUM(P20:P23) -> 0 | Q19: =SUM(E19:P19) -> 1.2528395e+08
C20: Semana 1 | E20: ='COSTOS APLICADOS'!E86*15 -> 20880658 | G20: =E20 -> 20880658 | I20: =G20 -> 20880658 | K20: =I20 -> 20880658 | M20: =K20 -> 20880658 | O20: =M20 -> 20880658 | Q20: =SUM(E20:P20) -> 1.2528395e+08
C21: Semana 2 | Q21: =SUM(E21:P21) -> 0
C22: Semana 3 | Q22: =SUM(E22:P22) -> 0
C23: Semana 4 | Q23: =SUM(E23:P23) -> 0
A24: MARGEN BRUTO | E24: =E3-E8 -> -1.2744152e+08 | F24: =F3-F8 -> 1.5724413e+08 | G24: =G3-G8 -> -1.2744152e+08 | H24: =H3-H8 -> 1.5724413e+08 | I24: =I3-I8 -> -1.2744152e+08 | J24: =J3-J8 -> 1.5724413e+08 | K24: =K3-K8 -> -1.2744152e+08 | L24: =L3-L8 -> 1.5724413e+08 | ... P24: =P3-P8 -> 1.5724413e+08 | Q24: =SUM(E24:P24) -> 1.7881567e+08 | R24: =Q24/Q3 -> 0.17276876
A25: Gastos operativos | E25: 1800000 | F25: =E25 -> 1800000 | G25: =F25 -> 1800000 | H25: =G25 -> 1800000 | I25: =H25 -> 1800000 | J25: =I25 -> 1800000 | K25: =J25 -> 1800000 | L25: =K25 -> 1800000 | M25: =L25 -> 1800000 | ... P25: =O25 -> 1800000 | Q25: =SUM(E25:P25) -> 21600000
A26: MARGEN OPERATIVO | E26: =E24-E25 -> -1.2924152e+08 | F26: =F24-F25 -> 1.5544413e+08 | G26: =G24-G25 -> -1.2924152e+08 | H26: =H24-H25 -> 1.5544413e+08 | I26: =I24-I25 -> -1.2924152e+08 | J26: =J24-J25 -> 1.5544413e+08 | K26: =K24-K25 -> -1.2924152e+08 | L26: =L24-L25 -> 1.5544413e+08 | ... P26: =P24-P25 -> 1.5544413e+08 | Q26: =SUM(E26:P26) -> 1.5721567e+08
A27: Intereses | Q27: =SUM(E27:P27) -> 0
A28: MARGEN ANTES DE IMPTOS | E28: =E26-E27 -> -1.2924152e+08 | F28: =F26-F27 -> 1.5544413e+08 | G28: =G26-G27 -> -1.2924152e+08 | H28: =H26-H27 -> 1.5544413e+08 | I28: =I26-I27 -> -1.2924152e+08 | J28: =J26-J27 -> 1.5544413e+08 | K28: =K26-K27 -> -1.2924152e+08 | L28: =L26-L27 -> 1.5544413e+08 | ... P28: =P26-P27 -> 1.5544413e+08 | Q28: =SUM(E28:P28) -> 1.5721567e+08
A29: Impuestos | Q29: =SUM(E29:P29) -> 0
A30: MARGEN NETO | E30: =E28-E29 -> -1.2924152e+08 | F30: =F28-F29 -> 1.5544413e+08 | G30: =G28-G29 -> -1.2924152e+08 | H30: =H28-H29 -> 1.5544413e+08 | I30: =I28-I29 -> -1.2924152e+08 | J30: =J28-J29 -> 1.5544413e+08 | K30: =K28-K29 -> -1.2924152e+08 | L30: =L28-L29 -> 1.5544413e+08 | ... P30: =P28-P29 -> 1.5544413e+08 | Q30: =SUM(E30:P30) -> 1.5721567e+08
A31: INVERSION INICIAL | D31: =-D32-D33 -> -129831900 | E31: =-E32-E33 -> 0 | F31: =-F32-F33 -> 0 | G31: =-G32-G33 -> 0 | H31: =-H32-H33 -> 0 | I31: =-I32-I33 -> 0 | J31: =-J32-J33 -> 0 | K31: =-K32-K33 -> 0 | ... P31: =-P32-P33 -> 0 | Q31: =SUM(D31:P31) -> -129831900
B32: Galpon | D32: ='COSTOS APLICADOS'!F19*15 -> 115206900 | Q32: =SUM(D32:P32) -> 115206900
B33: Elementos | D33: ='COSTOS APLICADOS'!F33*15 -> 14625000 | Q33: =SUM(D33:P33) -> 14625000
A34: AMORTIZACIONES | Q34: =SUM(D34:P34) -> 0
A35: INTERESES | E35: =E27 -> 0 | F35: =F27 -> 0 | G35: =G27 -> 0 | H35: =H27 -> 0 | I35: =I27 -> 0 | J35: =J27 -> 0 | K35: =K27 -> 0 | L35: =L27 -> 0 | ... P35: =P27 -> 0 | Q35: =SUM(D35:P35) -> 0
A36: DEPRECIACIONES | E36: ='COSTOS APLICADOS'!F79/2*15 -> 5998303.8 | F36: =E36 -> 5998303.8 | G36: =F36 -> 5998303.8 | H36: =G36 -> 5998303.8 | I36: =H36 -> 5998303.8 | J36: =I36 -> 5998303.8 | K36: =J36 -> 5998303.8 | L36: =K36 -> 5998303.8 | M36: =L36 -> 5998303.8 | ... P36: =O36 -> 5998303.8 | Q36: =SUM(D36:P36) -> 71979645
A37: FNC para inversionista | D37: =D31 -> -129831900 | E37: =E30-E31-E34+E35+E36 -> -1.2324322e+08 | F37: =F30-F31-F34+F35+F36 -> 1.6144244e+08 | G37: =G30-G31-G34+G35+G36 -> -1.2324322e+08 | H37: =H30-H31-H34+H35+H36 -> 1.6144244e+08 | I37: =I30-I31-I34+I35+I36 -> -1.2324322e+08 | J37: =J30-J31-J34+J35+J36 -> 1.6144244e+08 | K37: =K30-K31-K34+K35+K36 -> -1.2324322e+08 | L37: =L30-L31-L34+L35+L36 -> 1.6144244e+08 | ... P37: =P30-P31-P34+P35+P36 -> 1.6144244e+08 | Q37: =SUM(D37:P37) -> 99363413 | R37: =Q37/Q3 -> 0.096003297
D39: TIO | E39: 0.15 | G39: TIO MENSUAL | I39: =POWER(1+E39,(1/12))-1 -> 0.011714917
D41: V.P.N. | E41: =D37+NPV(I39,E37:P37) -> 73595446 | G41: TIR | H41: =IRR(D37:P37) -> 0.056491427
D43: Relación Beneficio Costo | G43: =Q48/Q51 -> 1.1734136
A47: CONCEPTO | D47: Mes 0 | E47: Mes 1 | F47: Mes 2 | G47: Mes 3 | H47: Mes 4 | I47: Mes 5 | J47: Mes 6 | K47: Mes 7 | L47: Mes 8 | M47: Mes 9 | N47: Mes 10 | O47: Mes 11 | P47: Mes 12 | Q47: VPN
A48: V.P.N. INGRESOS | D48: =D3 -> 0 | E48: =E3*POWER(1+$I$39,-1) -> 0 | F48: =F3*POWER(1+$I$39,-2) -> 1.6852828e+08 | G48: =G3*POWER(1+$I$39,-3) -> 0 | H48: =H3*POWER(1+$I$39,-4) -> 1.6464801e+08 | I48: =I3*POWER(1+$I$39,-5) -> 0 | J48: =J3*POWER(1+$I$39,-6) -> 1.6085708e+08 | K48: =K3*POWER(1+$I$39,-7) -> 0 | L48: =L3*POWER(1+$I$39,-8) -> 1.5715343e+08 | M48: =M3*POWER(1+$I$39,-9) -> 0 | N48: =N3*POWER(1+$I$39,-10) -> 1.5353506e+08 | O48: =O3*POWER(1+$I$39,-11) -> 0 | P48: =P3*POWER(1+$I$39,-12) -> 1.5e+08 | Q48: =SUM(D48:P48) -> 9.5472187e+08
A49: V.P.N. COSTOS DE PRODUCCIÓN | D49: =D8 -> 0 | E49: =(E8-'COSTOS APLICADOS'!$F$79/2)*POWER(1+$I$39,-1) -> 1.2557059e+08 | F49: =(F8-'COSTOS APLICADOS'!$F$79/2)*POWER(1+$I$39,-2) -> 14513928 | G49: =(G8-'COSTOS APLICADOS'!$F$79/2)*POWER(1+$I$39,-3) -> 1.2267939e+08 | H49: =(H8-'COSTOS APLICADOS'!$F$79/2)*POWER(1+$I$39,-4) -> 14179753 | I49: =(I8-'COSTOS APLICADOS'!$F$79/2)*POWER(1+$I$39,-5) -> 1.1985477e+08 | J49: =(J8-'COSTOS APLICADOS'!$F$79/2)*POWER(1+$I$39,-6) -> 13853272 | K49: =(K8-'COSTOS APLICADOS'!$F$79/2)*POWER(1+$I$39,-7) -> 1.1709518e+08 | L49: =(L8-'COSTOS APLICADOS'!$F$79/2)*POWER(1+$I$39,-8) -> 13534308 | M49: =(M8-'COSTOS APLICADOS'!$F$79/2)*POWER(1+$I$39,-9) -> 1.1439912e+08 | N49: =(N8-'COSTOS APLICADOS'!$F$79/2)*POWER(1+$I$39,-10) -> 13222687 | O49: =(O8-'COSTOS APLICADOS'!$F$79/2)*POWER(1+$I$39,-11) -> 1.1176515e+08 | P49: =(P8-'COSTOS APLICADOS'!$F$79/2)*POWER(1+$I$39,-12) -> 12918242 | Q49: =SUM(D49:P49) -> 7.9358638e+08
A50: V.P.N. GASTOS | D50: 0 | E50: =E25*POWER(1+$I$39,-1) -> 1779157.3 | F50: =F25*POWER(1+$I$39,-2) -> 1758556 | G50: =G25*POWER(1+$I$39,-3) -> 1738193.2 | H50: =H25*POWER(1+$I$39,-4) -> 1718066.2 | I50: =I25*POWER(1+$I$39,-5) -> 1698172.2 | J50: =J25*POWER(1+$I$39,-6) -> 1678508.7 | K50: =K25*POWER(1+$I$39,-7) -> 1659072.8 | L50: =L25*POWER(1+$I$39,-8) -> 1639861.9 | M50: =M25*POWER(1+$I$39,-9) -> 1620873.5 | N50: =N25*POWER(1+$I$39,-10) -> 1602105 | O50: =O25*POWER(1+$I$39,-11) -> 1583553.8 | P50: =P25*POWER(1+$I$39,-12) -> 1565217.4 | Q50: =SUM(D50:P50) -> 20041338
A51: V.P.N. COSTOS Y GASTOS | D51: =D49+D50 -> 0 | E51: =E49+E50 -> 1.2734974e+08 | F51: =F49+F50 -> 16272484 | G51: =G49+G50 -> 1.2441759e+08 | H51: =H49+H50 -> 15897819 | I51: =I49+I50 -> 1.2155294e+08 | J51: =J49+J50 -> 15531780 | K51: =K49+K50 -> 1.1875425e+08 | ... P51: =P49+P50 -> 14483460 | Q51: =SUM(D51:P51) -> 8.1362772e+08
A52: V.P.N. INVERSIÓN INICIAL | D52: =D31 -> -129831900 | E52: =E31 -> 0 | F52: =F31 -> 0 | G52: =G31 -> 0 | H52: =H31 -> 0 | I52: =I31 -> 0 | J52: =J31 -> 0 | K52: =K31 -> 0 | ... P52: =P31 -> 0 | Q52: =SUM(D52:P52) -> -129831900
A53: VALOR PRESENTE NETO | D53: =D48-D51+D52 -> -129831900 | E53: =E48-E51 -> -1.2734974e+08 | F53: =F48-F51 -> 1.522558e+08 | G53: =G48-G51 -> -1.2441759e+08 | H53: =H48-H51 -> 1.4875019e+08 | I53: =I48-I51 -> -1.2155294e+08 | J53: =J48-J51 -> 1.453253e+08 | K53: =K48-K51 -> -1.1875425e+08 | L53: =L48-L51 -> 1.4197926e+08 | ... P53: =P48-P51 -> 1.3551654e+08 | Q53: =Q48-Q51+Q52 -> 11262244
A55: V.P.N. ACUMULADO | D55: =D53 -> -129831900 | E55: =D55+E53 -> -2.5718164e+08 | F55: =E55+F53 -> -1.0492585e+08 | G55: =F55+G53 -> -2.2934343e+08 | H55: =G55+H53 -> -80593242 | I55: =H55+I53 -> -2.0214618e+08 | J55: =I55+J53 -> -56820882 | K55: =J55+K53 -> -1.7557513e+08 | L55: =K55+L53 -> -33595867 | ... P55: =O55+P53 -> 11262244
